 Dungeon Crawl Stone Soup version 0.31-a0-177-g4aa6249778 (webtiles) character file.

Game seed: 17085580982898552074

18871 pokeman the Eclecticist (level 12, -7/66 HPs)
             Began as a Deep Elf Hedge Wizard on June 17, 2023.
             Was a High Priest of Vehumet.
             Mangled by a six-headed hydra (13 damage)
             ... on level 13 of the Dungeon on June 18, 2023.
             The game lasted 00:33:31 (11814 turns).

pokeman the Eclecticist (Deep Elf Hedge Wizard)    Turns: 11814, Time: 00:33:32

Health: -7/66      AC: 10    Str:  7    XL:     12   Next: 31%
Magic:  34/34      EV: 12    Int: 25    God:    Vehumet [*****.]
Gold:   818        SH:  0    Dex: 14    Spells: 17/43 levels left

rFire   . . .        b - +1 short sword (venom)
rCold   + . .        (no shield)
rNeg    . . .        Q - +2 leather armour {rC+}
rPois   .            c - +0 hat
rElec   .            z - scarf {repulsion}
rCorr   +            (no gloves)
SInv    .            s - +0 pair of boots
Will    +....        g - amulet of magic regeneration
Stlth   ++           l - +4 ring of protection
HPRegen 0.31/turn    J - ring of resist corrosion
MPRegen 0.64/turn

%: repel missiles
@: no status effects
A: no striking features
a: Renounce Religion


You were on level 13 of the Dungeon.
You worshipped Vehumet.
Vehumet was extremely pleased with you.
You visited 2 branches of the dungeon, and saw 14 of its levels.

You collected 818 gold pieces.

Inventory:

Hand Weapons
 b - a +1 short sword of venom (weapon)
Missiles
 D - 3 curare-tipped darts
 R - a throwing net
Armour
 c - a +0 hat (worn)
 s - a +0 pair of boots (worn)
 u - a +1 cloak
 z - a scarf of repulsion (worn)
 B - a +0 kite shield
 Q - a +2 leather armour of cold resistance (worn)
Magical Staves
 i - a staff of poison
Jewellery
 g - an amulet of magic regeneration (around neck)
 h - an amulet of guardian spirit
 l - a +4 ring of protection (left hand)
 y - an amulet of regeneration
 C - a ring of fire
 J - a ring of resist corrosion (right hand)
 P - an amulet of faith
Wands
 n - a wand of mindburst (44)
 w - a wand of paralysis (37)
 H - a wand of flame (22)
Scrolls
 a - 2 scrolls of poison {unknown}
 e - 2 scrolls of vulnerability {unknown}
 f - 16 scrolls of identify {unknown}
 j - 3 scrolls of fog {unknown}
 k - 2 scrolls of blinking {unknown}
 m - 3 scrolls of teleportation {unknown}
 x - a scroll of noise {unknown}
 E - 3 scrolls of enchant weapon {unknown}
 I - a scroll of revelation {unknown}
 O - a scroll of fear {unknown}
Potions
 d - a potion of magic
 o - 3 potions of might {unknown}
 p - 2 potions of mutation {unknown}
 q - 3 potions of lignification {unknown}
 r - 2 potions of cancellation {unknown}
 t - a potion of berserk rage {unknown}
 v - 3 potions of heal wounds {unknown}
 A - 2 potions of enlightenment {unknown}
 F - 4 potions of curing
 G - a potion of ambrosia {unknown}
 K - a potion of degeneration {unknown}
 L - a potion of brilliance {unknown}
 M - 3 potions of haste {unknown}
 N - 2 potions of attraction {unknown}


   Skills:
 - Level 4.0 Fighting
 - Level 4.2 Armour
 - Level 3.0 Dodging
 - Level 3.0 Stealth
 + Level 3.3 Shields
 * Level 16.2 Spellcasting
 + Level 9.6 Conjurations
 - Level 4.0 Summonings
 - Level 1.1 Translocations
 + Level 7.6 Fire Magic
 - Level 1.1 Air Magic
 + Level 7.8 Earth Magic
 - Level 1.1 Poison Magic
 - Level 1.0 Evocations


You had 17 spell levels left.
You knew the following spells:

 Your Spells              Type           Power      Damage    Failure   Level
a - Magic Dart            Conj           100%       1d8       1%          1
b - Mephitic Cloud        Conj/Pois/Air  40%        N/A       1%          3
c - Call Imp              Summ           80%        N/A       1%          2
d - Blink                 Tloc           50%        N/A       3%          2
e - Stone Arrow           Conj/Erth      100%       3d13      1%          3
f - Fireball              Conj/Fire      29%        3d13      1%          5
g - Flame Wave            Conj/Fire      59%        2d14      1%          4
h - Plasma Beam           Fire/Air       21%        2x1d33    24%         6

Your spell library contained the following spells:

 Spells                   Type           Power      Damage    Failure   Level
 Kiss of Death            Conj/Necr      100%       2d13      1%          1
 Sandblast                Erth           100%       2d20      1%          1
 Summon Small Mammal      Summ           100%       N/A       1%          1
 Momentum Strike          Conj/Tloc      94%        3d10      1%          2
 Passwall                 Tmut/Erth      33%        N/A       1%          2
 Scorch                   Fire           100%       2d9       1%          2
 Searing Ray              Conj           100%       2d8       1%          2
 Fulminant Prism          Conj/Hex       22%        3d12      1%          4
 Apportation              Tloc           50%        N/A       2%          1
 Necrotise                Necr           80%        1d8       3%          1
 Slow                     Hex            80%        N/A       3%          1
 Lesser Beckoning         Tloc           50%        N/A       3%          2
 Cigotuvi's Dreadful Rot  Necr/Pois/Air  48%        N/A       4%          2
 Confusing Touch          Hex            20%        N/A       12%         3
 Vampiric Draining        Necr           20%        2d7       12%         3
 Dispel Undead            Necr           20%        3d11      36%         4
 Summon Cactus Giant      Summ           20%        N/A       73%         6


Dungeon Overview and Level Annotations

Branches:
Dungeon (13/15)            Temple (1/1) D:4            Lair (0/5) D:8
    Orc (0/2) D:12
 Vaults: D:13-14

Altars:
Ashenzari
Cheibriados
Dithmenos
Elyvilon
Fedhas
Gozag
Hepliaklqana
Kikubaaqudgha
Makhleb
Nemelex Xobeh
Okawaru
Qazlal
Ru
Sif Muna
Trog
Uskayaw
Vehumet
Wu Jian
Xom
Yredelemnul
Zin
The Shining One

Shops:
D:12 [

Annotations:
D:13 Rupert


Message History

You start resting.
Magic restored.
You see here a hog corpse.
You see here a hog corpse.
Found a leather armour.
An efreet, 6 slime creatures and a six-headed hydra come into view.
The efreet is wielding a +2 scimitar of flaming.
The slime creature quivers. x2
The six-headed hydra roars!
The slime creature quivers.
A gargoyle comes into view. It is wielding a +0 flail.
Unknown command.
Two slime creatures merge to form a large slime creature.
You see here a +0 leather armour.
Two slime creatures merge to form a large slime creature.
A slime creature merges with something you can't see.
Casting: Stone Arrow (safe; 1% risk of failure)
Confirm with . or Enter, or press ? or * to list all spells.
You blink.
The efreet hits you with a +2 scimitar of flaming!
The efreet burns you. The six-headed hydra barely misses you.
The six-headed hydra bites you but does no damage.
The six-headed hydra bites you! The six-headed hydra barely misses you.
The six-headed hydra bites you but does no damage. x2
A large slime creature splits.
The slime creature hits you!
The six-headed hydra closely misses you.
The six-headed hydra bites you but does no damage.
The six-headed hydra bites you.
* * * LOW HITPOINT WARNING * * *
The six-headed hydra bites you.
* * * LOW HITPOINT WARNING * * *
The six-headed hydra closely misses you.
The six-headed hydra bites you!
* * * LOW HITPOINT WARNING * * *
You feel stable enough to blink again. The slime creature hits you.
* * * LOW HITPOINT WARNING * * *
The six-headed hydra bites you but does no damage.
The six-headed hydra bites you!
You die...

.............^.
...............
.○........JJ...
..R.☼...J....J. #J9#
#RJ# # #.J# #. #JD#
###..####J@##########
....................#
....................#
###..####...........#
.# #. #...........#
.# #..# #...........#
.# #..# #...........#
.# #..# #...........#
.# #..# #...........#


You could see a six-headed hydra, 6 slime creatures, an efreet and a gargoyle.

Vanquished Creatures
  Kirke (D:13)
  2 boulder beetles
  2 two-headed ogres
  A deep elf pyromancer (D:12)
  2 cyclopes
  A manticore (D:12)
  Joseph (D:10)
  A gargoyle (D:11)
  2 komodo dragons
  Psyche (D:10)
  A troll (D:12)
  3 wyverns
  3 hogs (D:13)
  2 basilisks
  21 yaks
  A wraith (D:11)
  2 steam dragons
  5 vampire mosquitoes
  3 wargs (D:8)
  3 water moccasins
  Duvessa (D:5)
  4 acid dragons
  The ghost of Brisketman the Scratcher, an amateur FeTm of Uskayaw (D:4)
  2 floating eyes (D:9)
  2 black bears
  10 orc warriors
  2 ice beasts
  2 ogres
  6 centaurs
  2 phantoms
  7 bullfrogs
  6 kobold brigands
  3 gnoll sergeants
  2 scorpions
  8 wights
  Dowan (D:5)
  11 killer bees
  The ghost of innerfire43 the Cutter, a weakling DsMo (D:3)
  7 howler monkeys
  3 hounds (D:5)
  A jelly (D:5)
  2 gnoll boudas
  10 orc priests
  3 iguanas
  3 sleepcaps
  Natasha (thrice) (D:2)
  8 orc wizards
  A mummy (D:4)
  21 gnolls
  12 adders
  An ufetubus (D:4)
  4 dart slugs
  40 orcs
  13 ball pythons
  7 endoplasms
  5 giant cockroaches (D:1)
  9 goblins
  6 hobgoblins
  7 jackals
  6 quokkas
  5 bats
  3 frilled lizards
  31 kobolds
  5 rats
345 creatures vanquished.

Vanquished Creatures (collateral kills)
  An orc (D:8)
1 creature vanquished.

Grand Total: 346 creatures vanquished

Notes
Turn   | Place    | Note
-------+----------+-------------------------------------------
     0 | D:1      | pokeman the Deep Elf Hedge Wizard began the quest for the
                  | Orb.
     0 | D:1      | Reached XP level 1. HP: 10/10 MP: 7/7
   270 | D:1      | Reached XP level 2. HP: 14/16 MP: 9/9
   589 | D:1      | Reached skill level 5 in Spellcasting
   732 | D:1      | Reached XP level 3. HP: 20/20 MP: 8/11
   736 | D:1      | Learned a level 3 spell: Mephitic Cloud
   739 | D:1      | Learned a level 2 spell: Call Imp
   746 | D:1      | Learned a level 2 spell: Blink
  1142 | D:2      | Reached skill level 1 in Fighting
  1163 | D:2      | Reached skill level 1 in Armour
  1170 | D:2      | Reached XP level 4. HP: 12/25 MP: 11/13
  1391 | D:2      | Noticed Natasha
  1398 | D:2      | Killed Natasha
  1418 | D:2      | Noticed Natasha
  1427 | D:2      | Killed Natasha
  1428 | D:2      | Reached skill level 6 in Spellcasting
  1428 | D:2      | Reached XP level 5. HP: 28/29 MP: 10/15
  1802 | D:2      | Noticed Natasha
  1819 | D:2      | Killed Natasha
  2206 | D:3      | Found a blossoming altar of Fedhas.
  2244 | D:3      | Noticed a phantom
  2261 | D:3      | Killed a phantom
  2298 | D:3      | Found a runed translucent gate.
  2298 | D:3      | Found a runed translucent gate.
  2299 | D:3      | Found a runed translucent gate.
  2303 | D:3      | Noticed innerfire43's ghost (weakling DsMo)
  2335 | D:3      | You fall into a shaft and drop 1 floor!
  2363 | D:4      | Reached skill level 1 in Evocations
  2363 | D:4      | Reached XP level 6. HP: 34/34 MP: 14/17
  2390 | D:4      | Reached skill level 1 in Air Magic
  2390 | D:4      | Reached skill level 1 in Poison Magic
  2434 | D:4      | Reached skill level 7 in Spellcasting
  2868 | D:3      | Reached XP level 7. HP: 39/39 MP: 18/20
  2888 | D:3      | Found a faded altar of an unknown god.
  3219 | D:4      | Reached skill level 8 in Spellcasting
  3297 | D:4      | Found a staircase to the Ecumenical Temple.
  3306 | Temple   | Entered the Ecumenical Temple
  3472 | D:4      | Found a runed translucent gate.
  3473 | D:4      | Found a runed translucent gate.
  3474 | D:4      | Found a runed translucent gate.
  3474 | D:4      | Noticed Brisketman's ghost (amateur FeTm)
  3624 | D:4      | Found a snail-covered altar of Cheibriados.
  3828 | D:5      | Entered Level 5 of the Dungeon
  3858 | D:5      | Noticed Duvessa
  3867 | D:5      | Noticed Dowan
  3873 | D:4      | Reached skill level 9 in Spellcasting
  3873 | D:4      | Reached XP level 8. HP: 44/44 MP: 17/23
  3900 | D:5      | Killed Duvessa
  3901 | D:5      | Killed Dowan
  3948 | D:5      | Found a radiant altar of Vehumet.
  3955 | D:5      | Became a worshipper of Vehumet
  3978 | D:5      | Learned a level 3 spell: Stone Arrow
  4164 | D:5      | Found an iron altar of Okawaru.
  4179 | D:5      | Reached skill level 5 in Conjurations
  4179 | D:5      | Reached skill level 1 in Earth Magic
  4528 | D:5      | Found a glowing silver altar of Zin.
  4529 | D:5      | Found a sacrificial altar of Ru.
  4540 | D:5      | Found a hazy altar of Hepliaklqana.
  4767 | D:6      | Learned a level 4 spell: Flame Wave
  4790 | D:6      | Reached skill level 10 in Spellcasting
  5060 | D:6      | Reached skill level 1 in Fire Magic
  5112 | D:6      | Reached * piety under Vehumet
  5112 | D:6      | Offered knowledge of Shock by Vehumet.
  5397 | D:7      | Found a hide-covered altar of Uskayaw.
  5447 | D:7      | Reached XP level 9. HP: 48/48 MP: 19/25
  5637 | D:7      | Reached skill level 1 in Shields
  6044 | D:7      | Reached skill level 11 in Spellcasting
  6499 | D:3      | Killed innerfire43's ghost
  6596 | D:4      | Killed Brisketman's ghost
  6814 | D:8      | Found a staircase to the Lair.
  6823 | D:8      | Offered knowledge of Freeze by Vehumet.
  6940 | D:8      | Reached ** piety under Vehumet
  6941 | D:8      | Reached skill level 12 in Spellcasting
  7073 | D:8      | Reached XP level 10. HP: 51/53 MP: 23/28
  7288 | D:8      | Found a shadowy altar of Dithmenos.
  7349 | D:8      | Found a burning altar of Makhleb.
  7538 | D:8      | Offered knowledge of Volatile Blastmotes by Vehumet.
  7988 | D:9      | Reached skill level 5 in Earth Magic
  8078 | D:9      | Reached skill level 13 in Spellcasting
  8083 | D:9      | Reached *** piety under Vehumet
  8100 | D:9      | Paralysed by a floating eye for 3 turns
  8112 | D:9      | Reached skill level 5 in Fire Magic
  8601 | D:9      | Offered knowledge of Inner Flame by Vehumet.
  8617 | D:9      | Found Vukuut's Magic Scroll Emporium.
  9403 | D:10     | Entered Level 10 of the Dungeon
  9492 | D:10     | Reached XP level 11. HP: 60/60 MP: 26/30
  9555 | D:10     | Reached **** piety under Vehumet
  9560 | D:10     | Reached skill level 14 in Spellcasting
  9564 | D:10     | Offered knowledge of Fireball by Vehumet.
  9581 | D:10     | Learned a level 5 spell: Fireball
  9861 | D:10     | Noticed Psyche
  9863 | D:10     | Killed Psyche
 10050 | D:11     | Noticed a boulder beetle
 10162 | D:11     | Noticed a two-headed ogre
 10166 | D:11     | Killed a two-headed ogre
 10262 | D:11     | Reached skill level 15 in Spellcasting
 10320 | D:10     | Noticed Joseph
 10326 | D:10     | Killed Joseph
 10515 | D:11     | Killed a boulder beetle
 10707 | D:12     | Noticed a two-headed ogre
 10711 | D:12     | Killed a two-headed ogre
 10763 | D:12     | Noticed a boulder beetle
 10776 | D:12     | Killed a boulder beetle
 10776 | D:12     | Reached ***** piety under Vehumet
 10835 | D:12     | Reached XP level 12. HP: 66/66 MP: 23/33
 10894 | D:12     | Offered knowledge of Plasma Beam by Vehumet.
 11001 | D:12     | Found a staircase to the Orcish Mines.
 11366 | D:12     | Found Orchif's Armour Boutique.
 11503 | D:13     | Reached skill level 16 in Spellcasting
 11508 | D:13     | Noticed Rupert
 11511 | D:13     | Paralysed by Rupert for 3 turns
 11677 | D:12     | Upgraded the game from 0.31-a0-175-g9f7f995f2b to
                  | 0.31-a0-177-g4aa6249778
 11684 | D:12     | Learned a level 6 spell: Plasma Beam
 11737 | D:13     | Noticed Kirke
 11748 | D:13     | Killed Kirke
 11805 | D:13     | Noticed a six-headed hydra
 11814 | D:13     | Mangled by a six-headed hydra

Illustrated notes

Levels and vault maps discovered:
D:1:      scummos_arrival_star, layout_rooms, hex_medium
D:2:      layout_basic, hangedman_decor_clover_reticule, minmay_cut_off,
          uniq_natasha
D:3:      layout_loops_cross, mainiacjoe_overflow_tiny_flanked,
          hellmonk_ecumenical_altar_crossroads, ebering_ghost_rock_garden
D:4:      layout_cave_pools, slow_altar_1, minmay_temple_entry_wispy,
          biasface_ghost_orc_armoury, kennysheep_boxes
D:5:      layout_cave_pods, okawaru_metal_pillars_1_2,
          nicolae_overflow_crystal_walls, grunt_temple_overflow_open,
          uniq_duvessa
D:6:      layout_cave_pools
D:7:      layout_basic, nicolae_uskayaw_murder_on_the_dancefloor
D:8:      minmay_bubble_buster, layout_basic, general_overflow_altar,
          kennysheep_little_box, erik_lair_orcish_takeover, serial_glass,
          glass_columns_c, glass_columns_b
D:9:      layout_stronghold, serial_shops, shop, onia_ninara_cookie
D:10:     layout_cave_pools, uniq_psyche, uniq_joseph
D:11:     layout_big_octagon, kennysheep_generic_room_4
D:12:     layout_loops_cross, hiddenorc1_lemuel, serial_shops, shop,
          grunt_ogre_cave
D:13:     layout_small_grid, uniq_kirke, uniq_rupert
Temple:   nicolae_temple_ecumenical_triangle

Skill      XL: |  1  2  3  4  5  6  7  8  9 10 11 12 |
---------------+-------------------------------------+-----
Spellcasting   | 5 6 7 9 10 12 13 15 16 | 16.2
Fighting       | 1 2 3 4 |  4.0
Conjurations   | 2 3 4 5 6 7 9 |  9.6
Armour         | 1 2 3 4 |  4.2
Dodging        | 3 |  3.0
Stealth        | 3 |  3.0
Evocations     | 1 |  1.0
Air Magic      | 1 |  1.1
Poison Magic   | 1 |  1.1
Summonings     | 2 3 4 |  4.0
Earth Magic    | 2 4 5 7 |  7.8
Fire Magic     | 1 3 5 7 |  7.6
Shields        | 2 3 |  3.3
Translocations | |  1.1

Action                     |  1- 3 |  4- 6 |  7- 9 | 10-12 || total
---------------------------+-------+-------+-------+-------++-------
  Melee: Dagger            |    13 |    38 |    22 |       ||    73
         Broad axe         |    29 |       |       |       ||    29
         Short sword       |       |       |    68 |    54 ||   122
         Punch             |       |       |     1 |     1 ||     2
   Cast: Magic Dart        |    87 |    74 |   169 |    47 ||   377
         Mephitic Cloud    |     1 |     7 |    29 |    26 ||    63
         Blink             |       |       |     2 |     2 ||     4
         Stone Arrow       |       |       |    72 |   119 ||   191
         Flame Wave        |       |       |     1 |     2 ||     3
         Call Imp          |       |       |     1 |       ||     1
         Fireball          |       |       |       |    66 ||    66
   Stab: Confused          |     2 |     7 |    10 |    12 ||    31
 Armour: Robe              |    24 |    11 |    45 |       ||    80
         Leather armour    |       |       |    19 |    18 ||    37
  Dodge: Dodged            |    55 |    38 |    94 |    55 ||   242
         Repelled          |       |       |       |     4 ||     4

Table legend: (Time is in decaauts)
 A = Elapsed time spent in this place.
 B = Non-inter-level travel time spent in this place.
 C = Inter-level travel time spent in this place.
 D = Time resting spent in this place.
 E = Time spent auto-exploring this place.
 F = Levels seen in this place.
 G = Mean time per level.
                   A        B        C        D        E       F      G
               +--------+--------+--------+--------+--------+-----+--------+
         Total |  11832 |  11245 |    587 |    436 |   8733 |  14 |  845.1 |
       Dungeon |  11804 |  11217 |    587 |    436 |   8715 |  13 |  908.0 |
        Temple |     27 |     27 |      0 |      0 |     18 |   1 |   27.0 |
               +--------+--------+--------+--------+--------+-----+--------+

Top non-repeatable levels by time:
     D:9: 1460 daAuts
     D:8: 1176 daAuts
     D:2: 1137 daAuts
     D:7: 1117 daAuts
     D:1: 1082 daAuts
     D:4: 1023 daAuts
     D:5: 981 daAuts
    D:12: 966 daAuts
     D:3: 806 daAuts
    D:10: 795 daAuts
     D:6: 607 daAuts
    D:11: 502 daAuts
    D:13: 147 daAuts
  Temple: 27 daAuts
